details: 'How to demoralize shit noobs'

« prev index next »

General information

Mini Map

Players

team 1
Random» NightElfovo.com.picles (orange | 85 APM | 885 actions | 10:25)
Hero icon 2 Priestess of the Moon
Ability icon 1 Trueshot Aura
Ability icon 1 Scout

» actions
Assign group hotkey10
Build / train39
Enter build submenu8
Enter hero's abilities submenu2
Right click476
Select / deselect170
Select group hotkey161
Use ability19
885 total
» units
Wisp16
Huntress9
Glaive Thrower4
29 total
» upgrades
Moon Armor1
Strength of the Moon1
2 total
» buildings
Altar of Elders1
Moon Well4
Hunter's Hall1
Ancient of War2
Tree of Ages2
10 total
» build order
00:10 Altar of Elders
00:19 Moon Well
01:01 Hunter's Hall
01:48 Ancient of War
02:04 Moon Well
02:29 Ancient of War
03:43 Moon Well
06:07 Moon Well
07:24 Tree of Ages
» items
Dust of Appearance1
1 total
team 2
NightElfVELOX_NEB (blue | 86 APM | 903 actions | 10:28)
Hero icon 2 Demon Hunter
Ability icon 1 Immolation
Ability icon 1 Evasion
Hero icon 2 Naga Sea Witch
Ability icon 1 Frost Arrows
Ability icon 1 Forked Lightning

» actions
Assign group hotkey21
Basic commands59
Build / train38
Enter build submenu12
Enter hero's abilities submenu4
Right click429
Select / deselect186
Select group hotkey119
Use ability35
903 total
» units
Wisp14
Huntress3
Dryad3
Druid of the Claw4
24 total
» upgrades
Ultravision1
Abolish Magic1
Druid of the Claw Training2
4 total
» buildings
Altar of Elders1
Moon Well4
Hunter's Hall1
Ancient of War1
Tree of Ages1
Ancient Protector1
Ancient of Wonders2
Tree of Eternity1
Ancient of Lore2
14 total
» build order
00:07 Altar of Elders
00:20 Moon Well
01:45 Moon Well
01:50 Hunter's Hall
02:06 Ancient of War
03:00 Tree of Ages
03:14 Ancient Protector
04:02 Moon Well
04:26 Ancient of Wonders
04:30 Ancient of Wonders
05:24 Tree of Eternity
05:26 Ancient of Lore
05:28 Ancient of Lore
07:54 Moon Well
» items
Staff of Preservation1
Lesser Clarity Potion1
2 total